Patriotes vs Knights (R1)

Created - 7 mars 2015 at 01:12

Goals
1 2 3 T
Patriotes 0 3 0 3
Knights 2 2 1 5
Shots
1 2 3 T
Patriotes 10 11 9 30
Knights 12 14 8 34

1st period

1. Knights , Alex Chiasson 19 (Kyle Greentree) at 8:48
2. Knights , Jimmy Hayes 9 (Michael Raffl, Joe Colborne) at 19:43

Penalties :
Chris Thorburn (Lon) for High sticking (Minor) at 3:16, Ryan Wilson (Nyc) for Holding (Minor) at 14:33

2nd period

3. Patriotes , Ryan Wilson 10 (Cory Emmerton) at 2:02
4. Patriotes , Cory Emmerton 25 (A.J Thelen) at 3:45
5. Knights , Kyle Greentree 24 (Alex Chiasson) at 4:25
6. Knights , Philip Varone 5 (A.J. Jenks, Kyle Greentree) at 16:26
7. Patriotes , Fedor Fedorov 30 (Zenon Konopka, Ryan Wilson) at 19:04

Penalties :
Ryan Wilson (Nyc) for Holding (Minor) at 4:53, Tyler Myers (Nyc) for Interference (Minor) at 5:34, Brett Skinner (Nyc) for Delaying the game (Minor) at 16:29

3rd period

8. Knights , James Wright 28 (Alex Chiasson) at 2:29

Penalties :
Zenon Konopka (Nyc) for Boarding (Major) at 2:56, A.J Thelen (Nyc) for Hooking (Minor) at 11:41, Alex Chiasson (Lon) for Roughing (Minor) at 14:09

Goalie Stats

Marek Schwarz (Nyc), 29 saves from 34 shots - (0,853), L, 9-14-4, 60:00 minutes
Jacob Markstrom (Lon), 27 saves from 30 shots - (0,900), W, 22-24-3, 60:00 minutes

Players Stats for Patriotes

Player Name              G  A  P  +/- PIM S  H  SB GA TA FO     MP     PP MP  PK MP  
------------------------------------------------------------------------------------
A.J Thelen               0  1  1  -1  2   4  4  5  2  1  0/0    30:14   2:00   7:47 
Andreas Nodl             0  0  0   1  0   4  2  1  0  1  2/3    22:38   2:08   7:25 
Andrew Gordon            0  0  0  -1  0   1  0  1  1  0  2/4    17:45   1:50   3:08 
Brett Skinner            0  0  0  -1  2   3  3  1  1  2  0/0    28:26   2:00   7:55 
Cory Emmerton            1  1  2   1  0   2  2  1  0  0  15/26  15:58   2:08   0:35 
Dwight King              0  0  0  -1  0   2  2  0  0  0  0/0     9:19   0:00   0:00 
Fedor Fedorov            1  0  1  -1  0   3  3  0  0  0  1/2    18:42   1:50   4:16 
Jared Staal              0  0  0  -1  0   0  3  0  0  0  0/0     7:21   0:00   0:00 
Joakim Andersson         0  0  0  -1  0   0  0  0  0  0  3/5     7:21   0:00   0:00 
Joe Charlebois           0  0  0   0  0   0  2  1  0  1  0/0    12:25   0:00   0:59 
Lauri Tukonen            0  0  0  -1  0   2  1  0  0  0  0/0    11:14   1:06   0:00 
Liam Reddox              0  0  0  -1  0   0  1  0  0  0  0/0     8:30   0:00   0:56 
Mathieu Brodeur          0  0  0   0  0   0  0  0  0  0  0/0     1:54   0:00   0:19 
Ryan White               0  0  0  -1  0   1  2  0  0  0  4/8    11:30   0:00   2:19 
Ryan Wilson              1  1  2  -1  4   5  1  0  0  1  0/0    21:41   1:58   3:11 
Tomas Kurka              0  0  0   1  0   2  2  2  0  1  5/12   20:27   1:02   7:03 
Tyler Myers              0  0  0  -1  2   0  3  1  0  1  0/0    24:51   1:58   7:03 
Zenon Konopka            0  1  1  -1  5   1  2  0  0  0  5/10   14:44   1:50   0:09 

Players Stats for Knights

Player Name              G  A  P  +/- PIM S  H  SB GA TA FO     MP     PP MP  PK MP  
------------------------------------------------------------------------------------
A.J. Jenks               0  1  1   1  0   2  0  1  0  0  0/0     8:20   0:00   0:00 
Alex Chiasson            1  2  3   2  2   1  4  0  0  0  0/0    16:33   5:19   0:00 
Brayden McNabb           0  0  0   1  0   3  1  0  0  1  0/0    26:54   9:17   2:21 
Carter Ashton            0  0  0   1  0   2  3  0  0  0  0/0     9:02   0:48   0:00 
Chris Thorburn           0  0  0  -2  2   2  5  0  2  0  1/2    20:25   7:29   0:00 
Eric Gelinas             0  0  0   2  0   2  2  2  1  0  0/0    31:48   9:21   2:31 
James Wright             1  0  1   2  0   2  1  0  0  0  4/19   18:58   5:22   2:40 
Jani Rita                0  0  0  -2  0   3  4  0  3  1  0/0    20:16   7:36   0:00 
Jimmy Hayes              1  0  1   1  0   5  3  0  0  0  0/0    10:40   0:00   0:00 
Joe Colborne             0  1  1   1  0   1  0  0  0  0  6/8    11:27   0:00   0:57 
Kyle Greentree           1  2  3   2  0   2  1  1  0  0  3/4    18:46   5:19   2:20 
Michael Raffl            0  1  1   1  0   4  0  1  2  0  0/0    11:25   0:41   0:15 
Michael Stone            0  0  0   0  0   0  1  0  0  0  0/0    11:42   0:53   0:00 
Nikita Nikitin           0  0  0   0  0   0  1  0  0  0  0/0    11:29   1:13   1:01 
Patrick Wiercioch        0  0  0   0  0   0  1  1  0  2  0/0    12:38   1:43   0:00 
Philip Varone            1  0  1   1  0   3  0  0  0  0  2/3     9:29   0:45   0:12 
Tomas Kundratek          0  0  0   1  0   1  5  4  0  0  0/0    24:13   4:45   2:03 
Zack Hamill              0  0  0  -2  0   1  0  1  0  0  17/34  21:55   7:29   1:32 

3 Stars

1 - Kyle Greentree (Lon)
2 - Alex Chiasson (Lon)
3 - Cory Emmerton (Nyc)

Power Play

Patriotes - 0 on 2 Attempt(s) - 0,00%
Knights - 0 on 6 Attempt(s) - 0,00%

Penalty Kill

Patriotes - 6 on 6 Attempt(s) - 100,00% - Score 0 goal in Penalty Kill
Knights - 2 on 2 Attempt(s) - 100,00% - Score 0 goal in Penalty Kill

Team Stat

Patriotes - Hits : 33 - Faceoff Wins : 37 - Blocked Shots : 13 - Penalty Minutes : 15
Knights - Hits : 32 - Faceoff Wins : 33 - Blocked Shots : 11 - Penalty Minutes : 4

Official

Referees : Auger Stephane and StLaurent Francois
Linesman : Ryan Galloway and Shane Heyer

Game Notes

Nikita Nikitin is injured at 13:29 of 2nd period (Sprained Left Knee)
Tomas Kurka is injured at 12:43 of 3rd period (Torn Left MCL)

Finance

Level 1 -- Attendance: 1457 (72,85%) -- Ticket Income 50 995 $
Level 2 -- Attendance: 778 (77,80%) -- Ticket Income 15 560 $
Total Attendance: 2235 (74,50%)
Total Ticket Income: 66 555 $
Other Income: 3 328 $
Total Income: 69 883 $

Patriotes

5 vs 5 Forward 
   Center                   Left Wing                Right Wing               Time % Phy DF OF 
 1 Cory Emmerton            Tomas Kurka              Andreas Nodl             40     1   2  2  
 2 Zenon Konopka            Fedor Fedorov            Andrew Gordon            30     1   2  2  
 3 Ryan White               Dwight King              Lauri Tukonen            20     1   2  2  
 4 Joakim Andersson         Liam Reddox              Jared Staal              10     1   2  2  

5 vs 5 Defense 
   Defense                  Defense                                           Time % Phy DF OF 
 1 A.J Thelen               Brett Skinner                                     40     1   2  2  
 2 Tyler Myers              Ryan Wilson                                       30     1   2  2  
 3 Joe Charlebois           A.J Thelen                                        20     1   2  2  
 4 A.J Thelen               Brett Skinner                                     10     1   2  2  

PowerPlay Forward 
   Center                   Left Wing                Right Wing               Time % Phy DF OF 
 1 Cory Emmerton            Tomas Kurka              Andreas Nodl             60     1   2  2  
 2 Zenon Konopka            Fedor Fedorov            Andrew Gordon            40     1   2  2  

PowerPlay Defense
   Defense                  Defense                                           Time % Phy DF OF 
 1 A.J Thelen               Brett Skinner                                     60     1   2  2  
 2 Tyler Myers              Ryan Wilson                                       40     1   2  2  

Penalty Kill 4 Players Forward 
   Center                   Wing                     Time % Phy DF OF 
 1 Tomas Kurka              Andreas Nodl             60     1   2  2  
 2 Andrew Gordon            Fedor Fedorov            40     1   2  2  

Penalty Kill 4 Players Defense
   Defense                  Defense                  Time % Phy DF OF 
 1 A.J Thelen               Brett Skinner            60     1   2  2  
 2 Tyler Myers              Ryan Wilson              40     1   2  2  

Penalty Kill - 3 Players Forward 
   Forward                                           Time % Phy DF OF 
 1 Tomas Kurka                                       60     1   2  2  
 2 Andreas Nodl                                      40     1   2  2  

Penalty Kill - 3 Players Defense
   Defense                  Defense                  Time % Phy DF OF 
 1 A.J Thelen               Brett Skinner            60     1   2  2  
 2 Tyler Myers              Ryan Wilson              40     1   2  2  

4 vs 4 Forward 
   Center                   Wing                     Time % Phy DF OF 
 1 Tomas Kurka              Andreas Nodl             60     1   2  2  
 2 Andrew Gordon            Fedor Fedorov            40     1   2  2  

4 vs 4 Defense
   Defense                  Defense                  Time % Phy DF OF 
 1 A.J Thelen               Brett Skinner            60     1   2  2  
 2 Tyler Myers              Ryan Wilson              40     1   2  2  

Last Minutes Offensive
   Center                   Left Wing                Right Wing               Defense                  Defense                  
   Cory Emmerton            Tomas Kurka              Andreas Nodl             A.J Thelen               Brett Skinner            

Last Minutes Defensive
   Center                   Left Wing                Right Wing               Defense                  Defense                  
   Cory Emmerton            Tomas Kurka              Andreas Nodl             A.J Thelen               Brett Skinner            

Goaltenders
Starting : Marek Schwarz            
Backup : Joey MacDonald           

Extra Forwards
Normal : Lauri Tukonen, Dwight King, Ryan White - PP : Lauri Tukonen, Dwight King - PK : Ryan White
Extra Defensemen
Normal : Joe Charlebois, A.J Thelen, Tyler Myers - PP : Joe Charlebois - PK : A.J Thelen, Tyler Myers
Penalty Shots
Tomas Kurka, Andreas Nodl, Andrew Gordon, Fedor Fedorov, Cory Emmerton

Knights

5 vs 5 Forward 
   Center                   Left Wing                Right Wing               Time % Phy DF OF 
 1 Zack Hamill              Jani Rita                Chris Thorburn           37     1   2  2  
 2 James Wright             Kyle Greentree           Alex Chiasson            33     1   2  2  
 3 Joe Colborne             Michael Raffl            Jimmy Hayes              20     1   2  2  
 4 Philip Varone            A.J. Jenks               Carter Ashton            10     1   2  2  

5 vs 5 Defense 
   Defense                  Defense                                           Time % Phy DF OF 
 1 Eric Gelinas             Tomas Kundratek                                   40     1   2  2  
 2 Brayden McNabb           Nikita Nikitin                                    30     1   2  2  
 3 Patrick Wiercioch        Michael Stone                                     20     1   2  2  
 4 Tomas Kundratek          Eric Gelinas                                      10     1   2  2  

PowerPlay Forward 
   Center                   Left Wing                Right Wing               Time % Phy DF OF 
 1 Zack Hamill              Jani Rita                Chris Thorburn           60     1   1  3  
 2 James Wright             Kyle Greentree           Alex Chiasson            40     1   1  3  

PowerPlay Defense
   Defense                  Defense                                           Time % Phy DF OF 
 1 Brayden McNabb           Eric Gelinas                                      60     1   1  3  
 2 Nikita Nikitin           Tomas Kundratek                                   40     1   1  3  

Penalty Kill 4 Players Forward 
   Center                   Wing                     Time % Phy DF OF 
 1 James Wright             Kyle Greentree           60     1   3  1  
 2 Joe Colborne             Zack Hamill              40     1   3  1  

Penalty Kill 4 Players Defense
   Defense                  Defense                  Time % Phy DF OF 
 1 Brayden McNabb           Eric Gelinas             60     1   2  2  
 2 Nikita Nikitin           Tomas Kundratek          40     1   3  1  

Penalty Kill - 3 Players Forward 
   Forward                                           Time % Phy DF OF 
 1 James Wright                                      60     0   4  1  
 2 Joe Colborne                                      40     0   4  1  

Penalty Kill - 3 Players Defense
   Defense                  Defense                  Time % Phy DF OF 
 1 Brayden McNabb           Tomas Kundratek          60     1   4  0  
 2 Eric Gelinas             Nikita Nikitin           40     1   4  0  

4 vs 4 Forward 
   Center                   Wing                     Time % Phy DF OF 
 1 Zack Hamill              Chris Thorburn           60     1   2  2  
 2 Kyle Greentree           James Wright             40     1   2  2  

4 vs 4 Defense
   Defense                  Defense                  Time % Phy DF OF 
 1 Nikita Nikitin           Eric Gelinas             60     1   2  2  
 2 Tomas Kundratek          Brayden McNabb           40     1   2  2  

Last Minutes Offensive
   Center                   Left Wing                Right Wing               Defense                  Defense                  
   Zack Hamill              Jani Rita                Chris Thorburn           Eric Gelinas             Nikita Nikitin           

Last Minutes Defensive
   Center                   Left Wing                Right Wing               Defense                  Defense                  
   James Wright             Kyle Greentree           Chris Thorburn           Eric Gelinas             Nikita Nikitin           

Goaltenders
Starting : Jacob Markstrom          
Backup : Dany Sabourin            

Extra Forwards
Normal : Kyle Greentree, Zack Hamill, James Wright - PP : James Wright, Zack Hamill - PK : Zack Hamill
Extra Defensemen
Normal : Nikita Nikitin, Eric Gelinas, Tomas Kundratek - PP : Eric Gelinas - PK : Eric Gelinas, Tomas Kundratek
Penalty Shots
Chris Thorburn, Jani Rita, Zack Hamill, James Wright, Kyle Greentree

% Time on Ice - Patriotes

Lines # - Real PCT - Wanted PCT - Time Play
Normal Forward
1 - 31% - 40% - 13:18
2 - 30% - 30% - 12:36
3 - 22% - 20% - 9:11
4 - 17% - 10% - 7:21
Normal Defense
1 - 40% - 40% - 17:06
2 - 35% - 30% - 14:49
3 - 22% - 20% - 9:28
4 - 2% - 10% - 1:03
PP Forward
1 - 54% - 60% - 2:08
2 - 46% - 40% - 1:50
PP Defense
1 - 50% - 60% - 2:00
2 - 50% - 40% - 1:58
PK Forward
1 - 74% - 60% - 9:07
2 - 26% - 40% - 3:11
PK Defense
1 - 62% - 60% - 7:40
2 - 38% - 40% - 4:38
PK3 Forward
1 - 76% - 60% - 0:59
2 - 24% - 40% - 0:19
PK3 Defense
1 - 79% - 60% - 1:02
2 - 21% - 40% - 0:16
44 Forward
1 - 0% - 60%
2 - 0% - 40%
44 Defense
1 - 0% - 60%
2 - 0% - 40%
Last Minute Offensive  - 0:00
Last Minute Defensive  - 0:00
Total
Forward - 60:00
Defense - 60:00

% Time on Ice - Knights

Lines # - Real PCT - Wanted PCT - Time Play
Normal Forward
1 - 30% - 37% - 12:40
2 - 26% - 33% - 10:57
3 - 25% - 20% - 10:29
4 - 20% - 10% - 8:20
Normal Defense
1 - 30% - 40% - 12:54
2 - 45% - 30% - 18:59
3 - 22% - 20% - 9:23
4 - 3% - 10% - 1:10
PP Forward
1 - 60% - 60% - 8:07
2 - 40% - 40% - 5:29
PP Defense
1 - 58% - 60% - 7:54
2 - 42% - 40% - 5:42
PK Forward
1 - 76% - 60% - 3:01
2 - 24% - 40% - 0:57
PK Defense
1 - 48% - 60% - 1:55
2 - 52% - 40% - 2:03
PK3 Forward
1 - 0% - 60%
2 - 0% - 40%
PK3 Defense
1 - 0% - 60%
2 - 0% - 40%
44 Forward
1 - 0% - 60%
2 - 0% - 40%
44 Defense
1 - 0% - 60%
2 - 0% - 40%
Last Minute Offensive  - 0:00
Last Minute Defensive  - 0:00
Total
Forward - 60:00
Defense - 60:00

Play by Play

1st period


0:01 of 1st period - Zack Hamill wins face-off versus Tomas Kurka in neutral zone.
0:36 of 1st period - Slapshot by James Wright.
0:36 of 1st period - Stopped by Marek Schwarz without a rebound.
0:37 of 1st period - Ryan White wins face-off versus James Wright in Patriotes zone.
1:02 of 1st period - Nikita Nikitin is hit by Tyler Myers and loses puck.
1:43 of 1st period - Slapshot by A.J. Jenks.
1:43 of 1st period - Shot Blocked by Tomas Kurka.
1:51 of 1st period - Chris Thorburn is hit by Tyler Myers and loses puck.
2:05 of 1st period - Alex Chiasson is hit by Dwight King and loses puck.
2:22 of 1st period - Snap shot by Michael Raffl.
2:22 of 1st period - Stopped by Marek Schwarz with a rebound.
2:24 of 1st period - Snap shot by Michael Raffl.
2:24 of 1st period - Stopped by Marek Schwarz without a rebound.
2:25 of 1st period - Joakim Andersson wins face-off versus Joe Colborne in Patriotes zone.
2:35 of 1st period - Off-side.
2:36 of 1st period - Zack Hamill wins face-off versus Cory Emmerton in neutral zone.
2:45 of 1st period - Slapshot by A.J Thelen.
2:45 of 1st period - Stopped by Jacob Markstrom with a rebound.
2:47 of 1st period - Snap shot by Cory Emmerton.
2:47 of 1st period - Stopped by Jacob Markstrom without a rebound.
2:48 of 1st period - Kyle Greentree wins face-off versus Zenon Konopka in Knights zone.
2:48 of 1st period - Kyle Greentree is hit by Fedor Fedorov.
3:04 of 1st period - Snap shot by Fedor Fedorov.
3:04 of 1st period - Stopped by Jacob Markstrom without a rebound.
3:05 of 1st period - Cory Emmerton wins face-off versus Zack Hamill in Knights zone.
3:14 of 1st period - Slapshot by Andreas Nodl.
3:14 of 1st period - Stopped by Jacob Markstrom with a rebound.
3:16 of 1st period - Minor Penalty to Chris Thorburn for High sticking.
3:17 of 1st period - James Wright wins face-off versus Cory Emmerton in Knights zone.
3:36 of 1st period - Andreas Nodl is hit by Eric Gelinas and loses puck.
3:52 of 1st period - Off-side.
3:53 of 1st period - Joe Colborne wins face-off versus Zenon Konopka in neutral zone.
5:16 of 1st period - Penalty to Chris Thorburn is over, Chris Thorburn is back on ice.
5:37 of 1st period - Michael Stone is hit by Ryan White.
5:41 of 1st period - Carter Ashton is hit by A.J Thelen and loses puck.
5:52 of 1st period - Brett Skinner is hit by Jimmy Hayes and loses puck.
6:41 of 1st period - Slapshot by A.J. Jenks.
6:41 of 1st period - Stopped by Marek Schwarz with a rebound.
6:43 of 1st period - Snap shot by Carter Ashton.
6:43 of 1st period - Stopped by Marek Schwarz with a rebound.
7:37 of 1st period - Snap shot by Tomas Kurka.
7:37 of 1st period - Stopped by Jacob Markstrom without a rebound.
7:38 of 1st period - Cory Emmerton wins face-off versus James Wright in Knights zone.
7:55 of 1st period - Kyle Greentree is hit by Tomas Kurka and loses puck.
8:02 of 1st period - Wrist shot by Andreas Nodl.
8:02 of 1st period - Stopped by Jacob Markstrom without a rebound.
8:03 of 1st period - Zenon Konopka wins face-off versus Zack Hamill in Knights zone.
8:10 of 1st period - Wrist shot by Zenon Konopka.
8:10 of 1st period - Stopped by Jacob Markstrom with a rebound.
8:18 of 1st period - Wrist shot by Zenon Konopka.
8:18 of 1st period - Shot Misses the Net.
8:30 of 1st period - Eric Gelinas is hit by Brett Skinner.
8:48 of 1st period - Snap shot by Alex Chiasson.
8:48 of 1st period - Goal by Alex Chiasson - Patriotes : 0 - Knights : 1.
8:49 of 1st period - Zack Hamill wins face-off versus Cory Emmerton in neutral zone.
9:37 of 1st period - Nikita Nikitin is hit by Dwight King and loses puck.
9:48 of 1st period - Wrist shot by Ryan White.
9:48 of 1st period - Shot Misses the Net.
10:23 of 1st period - Joakim Andersson is hit by Jani Rita and loses puck.
11:01 of 1st period - Zack Hamill is hit by Brett Skinner and loses puck.
11:16 of 1st period - Alex Chiasson is hit by Cory Emmerton and loses puck.
11:55 of 1st period - Tyler Myers is hit by Nikita Nikitin.
12:20 of 1st period - Snap shot by Lauri Tukonen.
12:20 of 1st period - Deflect By Dwight King.
12:20 of 1st period - Shot Misses the Net.
12:20 of 1st period - Puck is out of play.
12:21 of 1st period - Joe Colborne wins face-off versus Cory Emmerton in Knights zone.
12:34 of 1st period - Tomas Kundratek is hit by A.J Thelen and loses puck.
13:17 of 1st period - Wrist shot by Chris Thorburn.
13:17 of 1st period - Shot Blocked by Joe Charlebois.
13:48 of 1st period - Michael Stone is hit by Liam Reddox and loses puck.
13:54 of 1st period - Icing by Patrick Wiercioch.
13:55 of 1st period - Joe Colborne wins face-off versus Fedor Fedorov in Knights zone.
14:12 of 1st period - Michael Raffl is hit by Zenon Konopka and loses puck.
14:23 of 1st period - James Wright is hit by Tomas Kurka and loses puck.
14:33 of 1st period - Minor Penalty to Ryan Wilson for Holding.
14:34 of 1st period - Zack Hamill wins face-off versus Tomas Kurka in Patriotes zone.
14:37 of 1st period - Snap shot by Chris Thorburn.
14:37 of 1st period - Deflect By Jani Rita.
14:37 of 1st period - Shot Misses the Net.
14:37 of 1st period - Puck is out of play.
14:38 of 1st period - Zack Hamill wins face-off versus Tomas Kurka in Patriotes zone.
14:47 of 1st period - Wrist shot by Jani Rita.
14:47 of 1st period - Stopped by Marek Schwarz with a rebound.
14:49 of 1st period - Slapshot by Brayden McNabb.
14:49 of 1st period - Shot Misses the Net.
15:49 of 1st period - Wrist shot by Jani Rita.
15:49 of 1st period - Shot Blocked by Andrew Gordon.
15:51 of 1st period - Snap shot by Jani Rita.
15:51 of 1st period - Shot Misses the Net.
15:53 of 1st period - Wrist shot by Zack Hamill.
15:53 of 1st period - Shot Blocked by Tyler Myers.
15:55 of 1st period - Snap shot by Zack Hamill.
15:55 of 1st period - Shot Blocked by A.J Thelen.
15:57 of 1st period - Snap shot by Chris Thorburn.
15:57 of 1st period - Shot Misses the Net.
16:01 of 1st period - Wrist shot by Zack Hamill.
16:01 of 1st period - Stopped by Marek Schwarz without a rebound.
16:02 of 1st period - Tomas Kurka wins face-off versus James Wright in Patriotes zone.
16:33 of 1st period - Penalty to Ryan Wilson is over, Ryan Wilson is back on ice.
16:43 of 1st period - Snap shot by Dwight King.
16:43 of 1st period - Shot Blocked by Tomas Kundratek.
16:45 of 1st period - Snap shot by Ryan White.
16:45 of 1st period - Shot Blocked by Michael Raffl.
16:49 of 1st period - Snap shot by Lauri Tukonen.
16:49 of 1st period - Stopped by Jacob Markstrom with a rebound.
16:51 of 1st period - Slapshot by Ryan Wilson.
16:51 of 1st period - Stopped by Jacob Markstrom without a rebound.
16:52 of 1st period - Philip Varone wins face-off versus Joakim Andersson in Knights zone.
17:05 of 1st period - Wrist shot by A.J. Jenks.
17:05 of 1st period - Shot Misses the Net.
17:17 of 1st period - Joe Charlebois is hit by Jimmy Hayes and loses puck.
17:40 of 1st period - Ryan Wilson is hit by Kyle Greentree and loses puck.
17:45 of 1st period - Wrist shot by Alex Chiasson.
17:45 of 1st period - Shot Misses the Net.
17:47 of 1st period - Slapshot by Eric Gelinas.
17:47 of 1st period - Deflect By Kyle Greentree.
17:47 of 1st period - Stopped by Marek Schwarz with a rebound.
17:59 of 1st period - Zenon Konopka is hit by Michael Stone and loses puck.
18:13 of 1st period - Tomas Kurka is hit by Carter Ashton and loses puck.
18:31 of 1st period - Brett Skinner is hit by Jimmy Hayes.
18:43 of 1st period - Wrist shot by Alex Chiasson.
18:43 of 1st period - Shot Blocked by A.J Thelen.
18:45 of 1st period - Wrist shot by Kyle Greentree.
18:45 of 1st period - Shot Misses the Net.
18:47 of 1st period - Snap shot by Eric Gelinas.
18:47 of 1st period - Stopped by Marek Schwarz without a rebound.
18:48 of 1st period - Cory Emmerton wins face-off versus Zack Hamill in Patriotes zone.
18:48 of 1st period - Cory Emmerton is hit by Chris Thorburn.
18:54 of 1st period - Slapshot by Tomas Kurka.
18:54 of 1st period - Stopped by Jacob Markstrom with a rebound.
19:39 of 1st period - Backhand shot by Jimmy Hayes.
19:39 of 1st period - Stopped by Marek Schwarz with a rebound.
19:41 of 1st period - Wrist shot by Michael Raffl.
19:41 of 1st period - Shot Misses the Net.
19:43 of 1st period - Slapshot by Michael Raffl.
19:43 of 1st period - Deflect By Jimmy Hayes.
19:43 of 1st period - Goal by Jimmy Hayes - Patriotes : 0 - Knights : 2.
19:44 of 1st period - Cory Emmerton wins face-off versus Chris Thorburn in neutral zone.
19:47 of 1st period - Slapshot by Tyler Myers.
19:47 of 1st period - Shot Misses the Net.
19:59 of 1st period - Snap shot by Andreas Nodl.
19:59 of 1st period - Shot Misses the Net.
Goals for this period are 0 for Patriotes vs 2 for Knights.
Shots for this period are 10 for Patriotes vs 12 for Knights.

2nd period


0:01 of 2nd period - Zack Hamill wins face-off versus Cory Emmerton in neutral zone.
0:04 of 2nd period - Snap shot by Jani Rita.
0:04 of 2nd period - Stopped by Marek Schwarz without a rebound.
0:05 of 2nd period - Chris Thorburn wins face-off versus Cory Emmerton in Patriotes zone.
1:11 of 2nd period - Wrist shot by Michael Raffl.
1:11 of 2nd period - Stopped by Marek Schwarz without a rebound.
1:12 of 2nd period - Joakim Andersson wins face-off versus Philip Varone in Patriotes zone.
1:53 of 2nd period - Wrist shot by Philip Varone.
1:53 of 2nd period - Stopped by Marek Schwarz without a rebound.
1:54 of 2nd period - Cory Emmerton wins face-off versus Zack Hamill in Patriotes zone.
1:54 of 2nd period - Cory Emmerton is hit by Chris Thorburn.
2:02 of 2nd period - Slapshot by Ryan Wilson.
2:02 of 2nd period - Goal by Ryan Wilson - Patriotes : 1 - Knights : 2.
2:03 of 2nd period - Andreas Nodl wins face-off versus Zack Hamill in neutral zone.
2:07 of 2nd period - Brett Skinner is hit by Tomas Kundratek and loses puck.
2:59 of 2nd period - Snap shot by Michael Raffl.
2:59 of 2nd period - Stopped by Marek Schwarz with a rebound.
3:21 of 2nd period - Slapshot by Nikita Nikitin.
3:21 of 2nd period - Shot Misses the Net.
3:23 of 2nd period - Wrist shot by Carter Ashton.
3:23 of 2nd period - Stopped by Marek Schwarz with a rebound.
3:45 of 2nd period - Snap shot by Cory Emmerton.
3:45 of 2nd period - Goal by Cory Emmerton - Patriotes : 2 - Knights : 2.
3:46 of 2nd period - Cory Emmerton wins face-off versus Zack Hamill in neutral zone.
3:51 of 2nd period - Snap shot by A.J Thelen.
3:51 of 2nd period - Shot Misses the Net.
3:53 of 2nd period - Slapshot by A.J Thelen.
3:53 of 2nd period - Stopped by Jacob Markstrom without a rebound.
3:54 of 2nd period - Cory Emmerton wins face-off versus Zack Hamill in Knights zone.
4:09 of 2nd period - Snap shot by Andreas Nodl.
4:09 of 2nd period - Deflect By Tomas Kurka.
4:09 of 2nd period - Shot Misses the Net.
4:09 of 2nd period - Puck is out of play.
4:10 of 2nd period - James Wright wins face-off versus Zenon Konopka in Knights zone.
4:25 of 2nd period - Snap shot by Kyle Greentree.
4:25 of 2nd period - Goal by Kyle Greentree - Patriotes : 2 - Knights : 3.
4:26 of 2nd period - Cory Emmerton wins face-off versus Zack Hamill in neutral zone.
4:28 of 2nd period - Brett Skinner is hit by Tomas Kundratek and loses puck.
4:34 of 2nd period - Eric Gelinas is hit by Cory Emmerton and loses puck.
4:53 of 2nd period - Minor Penalty to Ryan Wilson for Holding.
4:54 of 2nd period - Tomas Kurka wins face-off versus Zack Hamill in Patriotes zone.
4:54 of 2nd period - Tomas Kurka is hit by Jani Rita.
5:16 of 2nd period - A.J Thelen is hit by Chris Thorburn and loses puck.
5:29 of 2nd period - Slapshot by Eric Gelinas.
5:29 of 2nd period - Shot Blocked by Brett Skinner.
5:31 of 2nd period - Slapshot by Brayden McNabb.
5:31 of 2nd period - Stopped by Marek Schwarz without a rebound.
5:32 of 2nd period - Andrew Gordon wins face-off versus James Wright in Patriotes zone.
5:34 of 2nd period - Minor Penalty to Tyler Myers for Interference.
5:35 of 2nd period - Zack Hamill wins face-off versus Tomas Kurka in Patriotes zone.
6:36 of 2nd period - Icing by Zack Hamill.
6:37 of 2nd period - Zack Hamill wins face-off versus Tomas Kurka in Knights zone.
6:53 of 2nd period - Penalty to Ryan Wilson is over, Ryan Wilson is back on ice.
7:13 of 2nd period - Brett Skinner is hit by Alex Chiasson and loses puck.
7:24 of 2nd period - Zack Hamill is hit by Fedor Fedorov and loses puck.
7:34 of 2nd period - Penalty to Tyler Myers is over, Tyler Myers is back on ice.
7:37 of 2nd period - Wrist shot by Tyler Myers.
7:37 of 2nd period - Shot Blocked by Tomas Kundratek.
7:39 of 2nd period - Slapshot by Ryan Wilson.
7:39 of 2nd period - Shot Misses the Net.
7:41 of 2nd period - Slapshot by Brett Skinner.
7:41 of 2nd period - Shot Blocked by Tomas Kundratek.
7:43 of 2nd period - Slapshot by Brett Skinner.
7:43 of 2nd period - Deflect By Lauri Tukonen.
7:43 of 2nd period - Shot Misses the Net.
7:43 of 2nd period - Puck is out of play.
7:44 of 2nd period - Joe Colborne wins face-off versus Ryan White in Knights zone.
8:05 of 2nd period - Snap shot by Dwight King.
8:05 of 2nd period - Shot Hit the Post.
8:27 of 2nd period - Snap shot by Dwight King.
8:27 of 2nd period - Shot Misses the Net.
8:29 of 2nd period - Wrist shot by Tyler Myers.
8:29 of 2nd period - Shot Blocked by Patrick Wiercioch.
8:37 of 2nd period - Snap shot by Jimmy Hayes.
8:37 of 2nd period - Stopped by Marek Schwarz without a rebound.
8:38 of 2nd period - Cory Emmerton wins face-off versus Zack Hamill in Patriotes zone.
9:03 of 2nd period - Ryan Wilson is hit by James Wright and loses puck.
9:12 of 2nd period - Slapshot by Kyle Greentree.
9:12 of 2nd period - Shot Misses the Net.
9:14 of 2nd period - Slapshot by Brayden McNabb.
9:14 of 2nd period - Stopped by Marek Schwarz without a rebound.
9:15 of 2nd period - Cory Emmerton wins face-off versus Kyle Greentree in Patriotes zone.
10:08 of 2nd period - Snap shot by Dwight King.
10:08 of 2nd period - Stopped by Jacob Markstrom without a rebound.
10:09 of 2nd period - Joe Colborne wins face-off versus Ryan White in Knights zone.
10:09 of 2nd period - Joe Colborne is hit by Ryan White.
10:16 of 2nd period - Nikita Nikitin is hit by Tyler Myers and loses puck.
10:23 of 2nd period - Brayden McNabb is hit by Ryan Wilson and loses puck.
10:34 of 2nd period - Alex Chiasson is hit by Andreas Nodl and loses puck.
10:53 of 2nd period - Fedor Fedorov is hit by Chris Thorburn and loses puck.
11:33 of 2nd period - Eric Gelinas is hit by Jared Staal.
12:34 of 2nd period - James Wright is hit by Lauri Tukonen and loses puck.
13:09 of 2nd period - Icing by Liam Reddox.
13:10 of 2nd period - Joe Colborne wins face-off versus Joakim Andersson in Patriotes zone.
13:18 of 2nd period - Joe Charlebois is hit by Patrick Wiercioch and loses puck.
13:28 of 2nd period - Nikita Nikitin is hit by A.J Thelen.
13:29 of 2nd period - Nikita Nikitin from Knights is injured at 13:29 of 2nd period (Sprained Left Knee).
13:30 of 2nd period - Zack Hamill wins face-off versus Tomas Kurka in Knights zone.
13:35 of 2nd period - Cory Emmerton is hit by Chris Thorburn and loses puck.
13:46 of 2nd period - Backhand shot by Zack Hamill.
13:46 of 2nd period - Shot Blocked by Cory Emmerton.
14:00 of 2nd period - Snap shot by Dwight King.
14:00 of 2nd period - Stopped by Jacob Markstrom with a rebound.
14:02 of 2nd period - Slapshot by Ryan Wilson.
14:02 of 2nd period - Shot Blocked by Tomas Kundratek.
14:04 of 2nd period - Slapshot by Ryan Wilson.
14:04 of 2nd period - Deflect By Eric Gelinas.
14:04 of 2nd period - Stopped by Jacob Markstrom with a rebound.
14:06 of 2nd period - Snap shot by Lauri Tukonen.
14:06 of 2nd period - Stopped by Jacob Markstrom without a rebound.
14:07 of 2nd period - Ryan White wins face-off versus James Wright in Knights zone.
14:08 of 2nd period - Slapshot by Ryan Wilson.
14:08 of 2nd period - Stopped by Jacob Markstrom with a rebound.
14:16 of 2nd period - Snap shot by Alex Chiasson.
14:16 of 2nd period - Shot Misses the Net.
14:28 of 2nd period - Snap shot by Lauri Tukonen.
14:28 of 2nd period - Shot Misses the Net.
14:30 of 2nd period - Slapshot by Ryan Wilson.
14:30 of 2nd period - Stopped by Jacob Markstrom without a rebound.
14:31 of 2nd period - Philip Varone wins face-off versus Cory Emmerton in Knights zone.
14:52 of 2nd period - Brett Skinner is hit by Carter Ashton and loses puck.
14:57 of 2nd period - Slapshot by Philip Varone.
14:57 of 2nd period - Shot Blocked by Tomas Kurka.
15:07 of 2nd period - Snap shot by Andreas Nodl.
15:07 of 2nd period - Shot Misses the Net.
15:09 of 2nd period - Slapshot by Brett Skinner.
15:09 of 2nd period - Deflect By Tomas Kurka.
15:09 of 2nd period - Shot Misses the Net.
15:09 of 2nd period - Puck is out of play.
15:10 of 2nd period - Zenon Konopka wins face-off versus James Wright in Knights zone.
16:06 of 2nd period - Wrist shot by Ryan White.
16:06 of 2nd period - Shot Hit the Post.
16:24 of 2nd period - Wrist shot by A.J. Jenks.
16:24 of 2nd period - Stopped by Marek Schwarz with a rebound.
16:26 of 2nd period - Wrist shot by Philip Varone.
16:26 of 2nd period - Goal by Philip Varone - Patriotes : 2 - Knights : 4.
16:27 of 2nd period - Cory Emmerton wins face-off versus James Wright in neutral zone.
16:29 of 2nd period - Minor Penalty to Brett Skinner for Delaying the game.
16:30 of 2nd period - Tomas Kurka wins face-off versus Zack Hamill in Patriotes zone.
16:56 of 2nd period - James Wright is hit by Andreas Nodl and loses puck.
17:15 of 2nd period - Andrew Gordon is hit by Brayden McNabb and loses puck.
17:40 of 2nd period - Wrist shot by Fedor Fedorov.
17:40 of 2nd period - Deflect By Ryan White.
17:40 of 2nd period - Stopped by Jacob Markstrom without a rebound.
17:41 of 2nd period - Zack Hamill wins face-off versus Ryan White in Knights zone.
17:45 of 2nd period - Icing by Chris Thorburn.
17:46 of 2nd period - Zack Hamill wins face-off versus Tomas Kurka in Knights zone.
17:51 of 2nd period - Slapshot by Jani Rita.
17:51 of 2nd period - Stopped by Marek Schwarz without a rebound.
17:52 of 2nd period - Tomas Kurka wins face-off versus Zack Hamill in Patriotes zone.
18:03 of 2nd period - Snap shot by Chris Thorburn.
18:03 of 2nd period - Shot Blocked by Andreas Nodl.
18:05 of 2nd period - Slapshot by Eric Gelinas.
18:05 of 2nd period - Shot Misses the Net.
18:07 of 2nd period - Wrist shot by Chris Thorburn.
18:07 of 2nd period - Shot Misses the Net.
18:23 of 2nd period - Wrist shot by Kyle Greentree.
18:23 of 2nd period - Shot Hit the Post.
18:25 of 2nd period - Slapshot by Brayden McNabb.
18:25 of 2nd period - Stopped by Marek Schwarz without a rebound.
18:26 of 2nd period - Andrew Gordon wins face-off versus Zack Hamill in Patriotes zone.
18:29 of 2nd period - Penalty to Brett Skinner is over, Brett Skinner is back on ice.
18:43 of 2nd period - Ryan White is hit by Jani Rita and loses puck.
19:02 of 2nd period - Slapshot by Zenon Konopka.
19:02 of 2nd period - Shot Misses the Net.
19:04 of 2nd period - Slapshot by Fedor Fedorov.
19:04 of 2nd period - Goal by Fedor Fedorov - Patriotes : 3 - Knights : 4.
19:05 of 2nd period - James Wright wins face-off versus Cory Emmerton in neutral zone.
19:20 of 2nd period - Off-side.
19:21 of 2nd period - Zack Hamill wins face-off versus Zenon Konopka in neutral zone.
19:30 of 2nd period - Wrist shot by Chris Thorburn.
19:30 of 2nd period - Shot Misses the Net.
19:32 of 2nd period - Slapshot by Eric Gelinas.
19:32 of 2nd period - Stopped by Marek Schwarz with a rebound.
19:34 of 2nd period - Snap shot by Zack Hamill.
19:34 of 2nd period - Shot Misses the Net.
Goals for this period are 3 for Patriotes vs 2 for Knights.
Shots for this period are 11 for Patriotes vs 14 for Knights.

3rd period


0:01 of 3rd period - Zack Hamill wins face-off versus Cory Emmerton in neutral zone.
0:12 of 3rd period - Wrist shot by Andreas Nodl.
0:12 of 3rd period - Stopped by Jacob Markstrom with a rebound.
0:14 of 3rd period - Wrist shot by Brett Skinner.
0:14 of 3rd period - Stopped by Jacob Markstrom with a rebound.
0:16 of 3rd period - Snap shot by A.J Thelen.
0:16 of 3rd period - Stopped by Jacob Markstrom with a rebound.
0:26 of 3rd period - Andrew Gordon is hit by Tomas Kundratek.
0:30 of 3rd period - Snap shot by Kyle Greentree.
0:30 of 3rd period - Deflect By Alex Chiasson.
0:30 of 3rd period - Shot Blocked by A.J Thelen.
0:30 of 3rd period - Puck is out of play.
0:31 of 3rd period - Zenon Konopka wins face-off versus James Wright in Patriotes zone.
1:46 of 3rd period - Wrist shot by Philip Varone.
1:46 of 3rd period - Stopped by Marek Schwarz with a rebound.
1:48 of 3rd period - Slapshot by Michael Stone.
1:48 of 3rd period - Deflect By A.J. Jenks.
1:48 of 3rd period - Shot Misses the Net.
1:48 of 3rd period - Puck is out of play.
1:49 of 3rd period - Zack Hamill wins face-off versus Cory Emmerton in Patriotes zone.
1:52 of 3rd period - Snap shot by Chris Thorburn.
1:52 of 3rd period - Stopped by Marek Schwarz with a rebound.
1:54 of 3rd period - Slapshot by Tomas Kundratek.
1:54 of 3rd period - Shot Misses the Net.
1:56 of 3rd period - Slapshot by Tomas Kundratek.
1:56 of 3rd period - Stopped by Marek Schwarz without a rebound.
1:57 of 3rd period - Andreas Nodl wins face-off versus Zack Hamill in Patriotes zone.
1:57 of 3rd period - Andreas Nodl is hit by Tomas Kundratek.
2:10 of 3rd period - A.J Thelen is hit by Tomas Kundratek and loses puck.
2:17 of 3rd period - Wrist shot by Jani Rita.
2:17 of 3rd period - Shot Blocked by A.J Thelen.
2:19 of 3rd period - Wrist shot by Jani Rita.
2:19 of 3rd period - Shot Misses the Net.
2:21 of 3rd period - Backhand shot by Zack Hamill.
2:21 of 3rd period - Deflect By Chris Thorburn.
2:21 of 3rd period - Shot Blocked by A.J Thelen.
2:21 of 3rd period - Puck is out of play.
2:22 of 3rd period - Kyle Greentree wins face-off versus Zenon Konopka in Patriotes zone.
2:29 of 3rd period - Wrist shot by James Wright.
2:29 of 3rd period - Goal by James Wright - Patriotes : 3 - Knights : 5.
2:30 of 3rd period - Cory Emmerton wins face-off versus James Wright in neutral zone.
2:43 of 3rd period - Snap shot by Cory Emmerton.
2:43 of 3rd period - Shot Blocked by Kyle Greentree.
2:45 of 3rd period - Snap shot by Andreas Nodl.
2:45 of 3rd period - Stopped by Jacob Markstrom with a rebound.
2:56 of 3rd period - Major Penalty to Zenon Konopka for Boarding.
2:57 of 3rd period - Zack Hamill wins face-off versus Andreas Nodl in Patriotes zone.
3:57 of 3rd period - Off-side.
3:58 of 3rd period - Kyle Greentree wins face-off versus Andrew Gordon in neutral zone.
4:23 of 3rd period - Tomas Kurka is hit by Jani Rita and loses puck.
5:06 of 3rd period - Andreas Nodl is hit by Alex Chiasson and loses puck.
5:25 of 3rd period - Slapshot by Brett Skinner.
5:25 of 3rd period - Stopped by Jacob Markstrom without a rebound.
5:26 of 3rd period - Ryan White wins face-off versus Zack Hamill in Knights zone.
5:27 of 3rd period - Slapshot by Ryan Wilson.
5:27 of 3rd period - Shot Misses the Net.
7:16 of 3rd period - Ryan Wilson is hit by Eric Gelinas and loses puck.
7:56 of 3rd period - Penalty to Zenon Konopka is over, Zenon Konopka is back on ice.
8:56 of 3rd period - Joe Colborne is hit by Joe Charlebois and loses puck.
9:13 of 3rd period - Fedor Fedorov is hit by Carter Ashton and loses puck.
10:02 of 3rd period - Jani Rita is hit by Jared Staal and loses puck.
10:15 of 3rd period - Chris Thorburn is hit by Joe Charlebois and loses puck.
10:36 of 3rd period - Kyle Greentree is hit by A.J Thelen and loses puck.
11:07 of 3rd period - Tomas Kundratek is hit by Jared Staal.
11:35 of 3rd period - Icing by Jani Rita.
11:36 of 3rd period - Zenon Konopka wins face-off versus Zack Hamill in Knights zone.
11:37 of 3rd period - Wrist shot by Andrew Gordon.
11:37 of 3rd period - Deflect By Fedor Fedorov.
11:37 of 3rd period - Shot Misses the Net.
11:37 of 3rd period - Puck is out of play.
11:38 of 3rd period - Zack Hamill wins face-off versus Andrew Gordon in Knights zone.
11:38 of 3rd period - Zack Hamill is hit by Fedor Fedorov.
11:41 of 3rd period - Minor Penalty to A.J Thelen for Hooking.
11:42 of 3rd period - Tomas Kurka wins face-off versus Zack Hamill in Patriotes zone.
12:42 of 3rd period - Tomas Kurka is hit by Alex Chiasson and loses puck.
12:43 of 3rd period - Tomas Kurka from Patriotes is injured at 12:43 of 3rd period (Torn Left MCL).
12:44 of 3rd period - Zack Hamill wins face-off versus Ryan White in Patriotes zone.
12:55 of 3rd period - Zack Hamill is hit by Brett Skinner and loses puck.
13:01 of 3rd period - Off-side.
13:02 of 3rd period - Ryan White wins face-off versus James Wright in neutral zone.
13:41 of 3rd period - Penalty to A.J Thelen is over, A.J Thelen is back on ice.
13:53 of 3rd period - Snap shot by Jimmy Hayes.
13:53 of 3rd period - Stopped by Marek Schwarz without a rebound.
13:54 of 3rd period - Joakim Andersson wins face-off versus James Wright in Patriotes zone.
13:54 of 3rd period - Joakim Andersson is hit by Alex Chiasson.
14:09 of 3rd period - Minor Penalty to Alex Chiasson for Roughing.
14:10 of 3rd period - Cory Emmerton wins face-off versus James Wright in Knights zone.
14:10 of 3rd period - Slapshot by Andreas Nodl.
14:10 of 3rd period - Deflect By Lauri Tukonen.
14:10 of 3rd period - Deflect By Eric Gelinas.
14:10 of 3rd period - Shot Blocked by Eric Gelinas.
14:10 of 3rd period - Puck is out of play.
14:11 of 3rd period - James Wright wins face-off versus Cory Emmerton in Knights zone.
14:47 of 3rd period - Slapshot by Brett Skinner.
14:47 of 3rd period - Stopped by Jacob Markstrom without a rebound.
14:48 of 3rd period - Cory Emmerton wins face-off versus Joe Colborne in Knights zone.
14:53 of 3rd period - Snap shot by Andreas Nodl.
14:53 of 3rd period - Shot Misses the Net.
14:55 of 3rd period - Wrist shot by Andreas Nodl.
14:55 of 3rd period - Deflect By Cory Emmerton.
14:55 of 3rd period - Shot Blocked by Eric Gelinas.
14:55 of 3rd period - Puck is out of play.
14:56 of 3rd period - Cory Emmerton wins face-off versus James Wright in Knights zone.
15:42 of 3rd period - Wrist shot by Ryan Wilson.
15:42 of 3rd period - Deflect By Fedor Fedorov.
15:42 of 3rd period - Shot Blocked by Zack Hamill.
15:42 of 3rd period - Puck is out of play.
15:43 of 3rd period - Fedor Fedorov wins face-off versus James Wright in Knights zone.
15:44 of 3rd period - Wrist shot by Andrew Gordon.
15:44 of 3rd period - Stopped by Jacob Markstrom without a rebound.
15:45 of 3rd period - Zenon Konopka wins face-off versus James Wright in Knights zone.
15:46 of 3rd period - Slapshot by Andrew Gordon.
15:46 of 3rd period - Shot Misses the Net.
15:48 of 3rd period - Slapshot by A.J Thelen.
15:48 of 3rd period - Stopped by Jacob Markstrom with a rebound.
16:09 of 3rd period - Penalty to Alex Chiasson is over, Alex Chiasson is back on ice.
16:19 of 3rd period - Slapshot by Joe Colborne.
16:19 of 3rd period - Stopped by Marek Schwarz with a rebound.
17:19 of 3rd period - Wrist shot by Kyle Greentree.
17:19 of 3rd period - Shot Hit the Post.
17:43 of 3rd period - Snap shot by Chris Thorburn.
17:43 of 3rd period - Stopped by Marek Schwarz with a rebound.
18:01 of 3rd period - Backhand shot by Jimmy Hayes.
18:01 of 3rd period - Stopped by Marek Schwarz with a rebound.
19:11 of 3rd period - Slapshot by Fedor Fedorov.
19:11 of 3rd period - Shot Blocked by A.J. Jenks.
19:13 of 3rd period - Slapshot by Fedor Fedorov.
19:13 of 3rd period - Stopped by Jacob Markstrom with a rebound.
19:55 of 3rd period - Eric Gelinas is hit by Zenon Konopka.
Goals for this period are 0 for Patriotes vs 1 for Knights.
Shots for this period are 9 for Patriotes vs 8 for Knights.


Output by the SimonT Hockey Simulator (STHS) for François Prévost -- Original Page W3C XHTML 1.0 Valid
Hockey Simulator - Hockey Simulation - Hockey Manager